 Dungeon Crawl Stone Soup version 0.22-a0-570-g58866f5 (webtiles) character file.

14 iamserjio the Covered (level 2, 3/19 HPs)
             Began as a Gargoyle Fighter on June 30, 2018.
             Quit the game on level 2 of the Dungeon.
             The game lasted 00:01:44 (275 turns).

iamserjio the Covered (Gargoyle Fighter)             Turns: 275, Time: 00:01:45

Health: 3/19       AC:  9    Str: 19    XL:     2   Next: 45%
Magic:  2/2        EV:  7    Int:  8    God:
Gold:   23         SH:  9    Dex:  9    Spells: 1/1 levels left

rFire    . . .     SeeInvis .   a - +0 war axe
rCold    . . .     Gourm    .   c - +0 shield
rNeg     + . .     Faith    .   b - +0 scale mail
rPois    ∞         Spirit   .   (no helmet)
rElec    +         Reflect  .   (no cloak)
rCorr    .         Harm     .   (no gloves)
MR       .....                  (no boots)
Stlth    ..........             h - amulet of inaccuracy (curse)
HPRegen  0.06/turn              (no ring)
MPRegen  0.08/turn              (no ring)

@: no status effects
A: negative energy resistance 1, electricity resistance, unbreathing,
petrification resistance, rot immunity, AC +2
a: no special abilities


You were on level 2 of the Dungeon.
You were not hungry.

You visited 1 branch of the dungeon, and saw 2 of its levels.

You collected 23 gold pieces.

Inventory:

Hand Weapons
 a - a +0 war axe (weapon)
Armour
 b - a +0 scale mail (worn)
 c - a +0 shield (worn)
Jewellery
 h - a cursed amulet of inaccuracy (around neck)
Scrolls
 g - a scroll of fear
Potions
 d - a potion of might
 i - a potion of curing {unknown}
Comestibles
 f - a ration


   Skills:
 + Level 3.4 Fighting
 * Level 2.2 Axes
 + Level 3.4 Armour
 + Level 3.4 Shields


You had one spell level left.
You didn't know any spells.
Your spell library was empty.

Dungeon Overview and Level Annotations

Branches:
Dungeon (2/15)

Altars:


Innate Abilities, Weirdness & Mutations

You are resistant to torment.
Your stone body is resilient. (AC +2)
You are immune to poison.
You resist negative energy. (rN+)
You are resistant to electric shocks. (rElec)
You can survive without breathing.
You are immune to petrification.
You are immune to rotting.


Message History

The adder bites you but does no damage. x2
You closely miss the adder.
The adder is almost dead.
You block the adder's attack. The adder bites you but does no damage.
You completely miss the adder.
The adder is almost dead.
The adder barely misses you. You block the adder's attack.
You miss the adder.
The adder is almost dead.
The adder bites you but does no damage. x2
You miss the adder.
The adder is almost dead.
You block the adder's attack. The adder bites you but does no damage.
You completely miss the adder.
The adder is almost dead.
The adder bites you but does no damage.
You miss the adder.
The adder is almost dead.
The adder bites you but does no damage. x2
Are you sure you want to abandon this character and quit the game? (Confirm with "yes".)

........#
........#
........# #
.....?..##.#
.........#.#
.........#.#####
......)S........
#.@........
#..........
#...#.#####
##..#.# ##.#.#
#...# ##..# #..#
#.>#


You could see an adder.

Vanquished Creatures
  A giant cockroach (D:1)
  2 goblins
  3 hobgoblins
  2 bats (D:1)
  A kobold (D:1)
  5 rats
14 creatures vanquished.

Notes
Turn   | Place    | Note
-------+----------+-------------------------------------------
     0 | D:1      | iamserjio the Gargoyle Fighter began the quest for the Orb.
     0 | D:1      | Reached XP level 1. HP: 14/14 MP: 1/1
    58 | D:1      | Reached XP level 2. HP: 15/19 MP: 2/2
   275 | D:2      | Quit the game

Vault maps used:
D:1:      elethiomel_arrival_quiet
D:2:      grunt_temple_overflow_gold_and_silver, marbit_many_paths

Skill      XL: |  1 |
---------------+----+-----
Axes           | 2 |  2.2
Fighting       | |  3.4
Armour         | |  3.4
Shields        | |  3.4

Action                   || total
-------------------------++-------
Melee: War axe           ||   119
  Use: Scroll            ||     3
Armor: Scale mail        ||    98
Dodge: Dodged            ||    58
Block: Shield            ||    70

Table legend:
 A = Spawn XP
 B = Non-spawn XP
 C = Spawn XP percentage of total XP
 D = Spawn monster count
 E = Non-spawn monster count
 F = Spawn count percentage of total count
 G = Total turns spent on level
                    A         B        C        D         E        F      G
               +---------+---------+-------+---------+---------+-------+---------
         Total |       0 |      21 |   0.0 |       0 |      14 |   0.0 |   275
               +---------+---------+-------+---------+---------+-------+---------
           D:1 |       0 |      14 |   0.0 |       0 |      10 |   0.0 |    90
           D:2 |       0 |       7 |   0.0 |       0 |       4 |   0.0 |   185
               +---------+---------+-------+---------+---------+-------+---------
